 Dungeon Crawl Stone Soup version 0.30-a0-576-g89cddaab80 (webtiles) character file.

Game seed: 13600414618480573760

1494 kae the Changer (level 8, -11/64 HPs)
             Began as a Demonspawn Transmuter on Dec 30, 2022.
             Was an Initiate of Ru.
             Mangled by an ogre
             ... wielding a +0 giant club
              (21 damage)
             ... on level 6 of the Dungeon.
             The game lasted 00:05:32 (3780 turns).

kae the Changer (Demonspawn Transmuter)             Turns: 3780, Time: 00:05:32

Health: -11/64     AC:  7    Str: 17    XL:     8   Next: 51%
Magic:  14/14      EV: 10    Int: 20    God:    Ru [......]
Gold:   181        SH:  0    Dex: 14    Spells: 5/15 levels left

rFire   x . .      SeeInvis .      - Unarmed
rCold   + + +      Faith    .    (shield currently unavailable)
rNeg    . . .      Spirit   .    (body armour currently unavailable)
rPois   +          Reflect  .    (helmet currently unavailable)
rElec   .          Harm     .    (cloak currently unavailable)
rCorr   .          Rampage  .    (gloves currently unavailable)
Will    .....                    (boots currently unavailable)
Stlth   +                        g - amulet of regeneration
HPRegen 1.10/turn                S - +6 ring of strength
MPRegen 0.28/turn                (no ring)

@: ice-form
A: freezing attack, amphibious, boosted hp, large, magic regeneration, big brain
2, (demonic touch 2)
a: End Transformation, Renounce Religion


You were on level 6 of the Dungeon.
You worshipped Ru.
Ru was noncommittal.
You were a creature of crystalline ice.
You visited 2 branches of the dungeon, and saw 7 of its levels.

You collected 241 gold pieces.
You spent 60 gold pieces at shops.


Innate Abilities, Weirdness & Mutations

You are a creature of crystalline ice.
You have a powerful freezing melee attack.
You are amphibious.
Your maximum health is increased.
Your armour is entirely melded.
You are incapable of wielding weapons or throwing items.
You regenerate magic rapidly.
You have an extremely huge brain. (Int +4)
((Your touch may inflict irresistible damage on your foes.))


   Skills:
 - Level 1.0 Fighting
 - Level 1.7 Dodging
 + Level 4.8 Unarmed Combat
 + Level 4.4 Spellcasting
 * Level 6.1 Transmutations
 * Level 4.5 Ice Magic
 - Level 1.5 Poison Magic


You had 5 spell levels left.
You knew the following spells:

 Your Spells              Type           Power      Damage    Failure   Level
a - Beastly Appendage     Tmut           58%        N/A       1%          1
b - Wereblood             Tmut           29%        N/A       1%          2
c - Spider Form           Tmut/Pois      19%        N/A       8%          3
d - Ice Form              Ice/Tmut       26%        N/A       13%         4

Your spell library contained the following spells:

 Spells                   Type           Power      Damage    Failure   Level
 Gell's Gravitas          Tloc           4%         N/A       36%         3
 Teleport Other           Tloc           4%         N/A       36%         3
 Dispersal                Tloc           2%         N/A       100%        6

Inventory:

Hand Weapons
 e - a +0 lajatang
   (You found it on level 1 of the Dungeon)
 h - the +6 mace of Wumimot {freeze, *Slow Str+9}
   (You found it on level 2 of the Dungeon)

   It freezes those it strikes, dealing additional cold damage.
   It can also slow down cold-blooded creatures.
   Str:       It affects your strength (+9).
   *Slow:     It may slow you when you take damage.
Missiles
 c - 62 stones
 i - 6 curare-tipped darts {=f}
Armour
 a - a +0 robe (melded)
Jewellery
 g - an amulet of regeneration (around neck)
   (You found it on level 2 of the Dungeon)
 k - an amulet of magic regeneration
   (You found it on level 3 of the Dungeon)
 S - a +6 ring of strength (left front paw)
   (You found it on level 2 of the Dungeon)
Wands
 m - a wand of flame (11)
   (You took it off Jessica on level 3 of the Dungeon)
 n - a wand of iceblast (10)
   (You took it off Ijyb on level 3 of the Dungeon)
 s - a wand of polymorph (10)
   (You took it off Robin on level 4 of the Dungeon)
 t - a wand of paralysis (7)
   (You found it on level 6 of the Dungeon)
Scrolls
 d - 2 scrolls of identify {@r1}
 f - a scroll of immolation {!r!r}
 r - 7 scrolls of teleportation {@r4}
Potions
 b - a potion of mutation {!q}
 j - a potion of curing {@q1}
 l - a potion of lignification {!q}
 o - a potion of attraction {!q}
 p - a potion of flight
 q - 3 potions of degeneration {!q}
 u - 2 potions of heal wounds {@q2}
 v - a potion of ambrosia {unknown}

Dungeon Overview and Level Annotations

Branches:
Dungeon (6/15) Zot: 26729  Temple (1/1) D:6 Zot: 5812

Altars:
Ashenzari
Cheibriados
Fedhas
Gozag
Hepliaklqana
Kikubaaqudgha
Makhleb
Nemelex Xobeh
Okawaru
Qazlal
Ru
Uskayaw
Vehumet
Wu Jian
Xom
Yredelemnul

Shops:
D:3 : D:4

* ..#..## #.# #.#
....###########..#....
#.#.#............#..⌠
....#.###.#####....⌠
##>##.# #.#####..#
...##.###......[.#
##.....###.###.###
####..# #.#..?..# #.>#
#.#..#.Y# #..#
#...###.O...... #..#
#.#. ..#.....# #..#
#.#. ...#.....# #..#
#.# #.### #.### ..# ..
... ### :.# ..


You could see an ogre.


Message History

There is a sparkling altar of Nemelex Xobeh here.
There is a sacrificial altar of Ru here.
You kneel at the altar of Ru.
Ru welcomes you!
(D) Dungeon (T) Temple
Where to? (Enter - Temple @ (x,y), ? - help)
There is a dry fountain here.
There is a staircase back to the Dungeon here.
You climb upwards.
Welcome back to the Dungeon!
There is a staircase to the Ecumenical Temple here.
Key pressed, stopping travel.
Unknown command.
Found an escape hatch in the floor.
An iguana comes into view.
An iguana is nearby!
An iguana is nearby!
An iguana is nearby!
An iguana is nearby!
Casting: Ice Form (quite dangerous; 17% risk of failure)
Confirm with . or Enter, or press ? or * to list all spells.
The spell is quite dangerous to miscast (17% risk of failure)!
Continue anyway? [Y]es or [N]o only, please.
The spell is quite dangerous to miscast (17% risk of failure)!
Continue anyway?
You turn into a creature of crystalline ice.
Your +0 robe melds into your body. 😎 HP[+10] MP[-4]
You now have 64 max hp (+10).
Your hp is fully restored (64).
You lost 4 mp, and now have 10/14 mp.
The iguana hisses angrily.
You hear a shout!
You hear an angry hiss.
An ogre comes into view. It is wielding a +0 giant club.
A troll comes into view. 😎 MP[+1]
An iguana and a necrophage come into view.
The iguana hisses angrily.
The iguana moves out of view.
The necrophage moves out of view.
You punch the iguana! You freeze the iguana.
The iguana bites you but does no damage.
There are monsters nearby!
You punch the iguana! You freeze the iguana.
You kill the iguana!
The iguana misses you.
Your Ice Magic skill increases to level 4!
You hit the iguana. You freeze the iguana.
The iguana bites you but does no damage. 😎 MP[+1]
There are monsters nearby!
You hit the iguana.
The iguana seems to slow down.
You freeze the iguana. You completely miss the iguana.
The iguana bites you. 😕 HP[-4]
You take 4 damage, and now have 60/64 hp.
There are monsters nearby!
You punch the iguana! You freeze the iguana.
You kill the iguana!
You punch the troll! You freeze the troll. The troll bites you!
The troll claws you but does no damage. The troll claws you! 😮 HP[-17] MP[+1]
You take 17 damage, and now have 43/64 hp.
MASSIVE DAMAGE!! (PAUSE)
You are too injured to fight recklessly!
You are too injured to fight recklessly!
You are too injured to fight recklessly!
You are too injured to fight recklessly!
You hit the troll. You freeze the troll. The troll bites you.
The troll misses you. The troll claws you. 😮 HP[-6]
You take 6 damage, and now have 37/64 hp.
Unknown command.
Unknown command.
You barely miss the troll. The troll barely misses you. The troll claws you.
The troll barely misses you. 😮 HP[-4]
You take 4 damage, and now have 33/64 hp.
You punch the troll! You freeze the troll.
You kill the troll!
The troll leather armour is intact enough to wear.
Your Transmutations skill increases to level 6! 😮 HP[+1] Unknown command.
You punch the necrophage!
The necrophage hits you but does no damage. 😮 HP[+1] MP[+1]
Your mp is fully restored (14).
Unknown command.
You hit the necrophage but do no damage.
The necrophage hits you but does no damage. 😮 HP[+1]
You pummel the necrophage!! You freeze the necrophage.
You destroy the necrophage! 😮 HP[+1]
You punch the ogre! You freeze the ogre.
The ogre hits you with a +0 giant club!!
* * * LOW HITPOINT WARNING * * *
😱 HP[-29]
You take 29 damage, and now have 8/64 hp.
MASSIVE DAMAGE!! (PAUSE)
You punch the ogre! You freeze the ogre. 😱 HP[+1]
You hit the ogre. You freeze the ogre.
The ogre hits you with a +0 giant club!!
You die...

Skill      XL: |  1  2  3  4  5  6  7  8 |
---------------+-------------------------+-----
Transmutations | 2 3 4 5 6 |  6.1
Unarmed Combat | 3 4 |  4.8
Poison Magic   | 1 |  1.5
Spellcasting   | 3 4 |  4.4
Ice Magic      | 1 2 3 4 |  4.5
Fighting       | |  1.0
Dodging        | |  1.7

Action                   |  1- 3 |  4- 6 |  7- 9 || total
-------------------------+-------+-------+-------++-------
Melee: Unarmed           |    80 |    59 |   111 ||   250
       Kick              |    16 |       |       ||    16
       Headbutt          |    10 |       |       ||    10
       Punch             |     1 |       |       ||     1
       Lajatang          |    47 |       |       ||    47
       Touch             |     6 |       |     2 ||     8
 Cast: Beastly Appendage |    22 |       |       ||    22
       Spider Form       |     1 |     9 |     6 ||    16
       Ice Form          |       |     2 |     8 ||    10
       Wereblood         |       |     1 |     3 ||     4
  Use: Scroll            |     5 |       |     9 ||    14
       Potion            |     2 |       |       ||     2
 Stab: Sleeping          |     1 |     1 |     1 ||     3
Armor: Robe              |    28 |       |       ||    28
       Skin              |    61 |     5 |    43 ||   109
Dodge: Dodged            |    97 |    44 |    61 ||   202

Levels and vault maps discovered:
D:1:      dpeg_arrival_rooms_with_view, layout_rooms
D:2:      layout_rooms, nicolae_grassy_gnolls
D:3:      layout_basic, overflow_temple_1_default, serial_shops, shop,
          serial_bayou_pond_c, uniq_sigmund, uniq_grinder, uniq_ijyb,
          uniq_jessica
D:4:      layout_basic, gammafunk_temple_overflow_pools, serial_shops,
          nicolae_shop_crystal, uniq_robin
D:5:      layout_basic, reono_crystal_passage, minmay_hedge_maze,
          palyth_stone_intersect
D:6:      layout_loops_ring, minmay_temple_entry_glass,
          minmay_chambers_of_fives, uniq_crazy_yiuf_cottage, uniq_eustachio
Temple:   minmay_temple_bridge_d

Notes
Turn   | Place    | Note
-------+----------+-------------------------------------------
     0 | D:1      | kae the Demonspawn Transmuter began the quest for the Orb.
     0 | D:1      | Reached XP level 1. HP: 15/15 MP: 3/3
     0 | D:1      | magus.rc [v1.11.3]
    66 | D:1      | Reached skill level 2 in Transmutations
   157 | D:1      | Gained mutation: Your touch may inflict minor irresistible
                  | damage on your foes. [demonic ancestry]
   157 | D:1      | Reached XP level 2. HP: 21/21 MP: 5/5
   169 | D:1      | Learned a level 2 spell: Wereblood
   448 | D:1      | Reached skill level 3 in Unarmed Combat
   610 | D:1      | Gained mutation: You have an unusually large brain. (Int
                  | +2) [demonic ancestry]
   610 | D:1      | Reached XP level 3. HP: 25/26 MP: 4/6
   614 | D:1      | Learned a level 3 spell: Spider Form
   872 | D:2      | HP: 6/26 [gnoll/+0 halberd (15)]
   894 | D:2      | HP: 3/26 [goblin/+0 club (4)]
   899 | D:2      | Reached skill level 1 in Poison Magic
   994 | D:2      | You add the spells Gell's Gravitas, Teleport Other and
                  | Dispersal to your library.
  1054 | D:2      | Identified the +6 mace of Wumimot {freeze, *Slow Str+9}
  1245 | D:3      | Gained mutation: You regenerate magic rapidly. [demonic
                  | ancestry]
  1245 | D:3      | Reached XP level 4. HP: 32/32 MP: 5/7
  1256 | D:3      | Noticed Sigmund
  1290 | D:3      | Killed Sigmund
  1291 | D:3      | Reached skill level 3 in Spellcasting
  1291 | D:3      | Reached skill level 3 in Transmutations
  1291 | D:3      | Reached XP level 5. HP: 32/37 MP: 6/9
  1299 | D:3      | Learned a level 4 spell: Ice Form
  1313 | D:3      | Noticed Grinder
  1324 | D:3      | Paralysed by Grinder for 3 turns
  1328 | D:3      | Killed Grinder
  1329 | D:3      | Reached skill level 4 in Transmutations
  1329 | D:3      | Reached skill level 1 in Ice Magic
  1329 | D:3      | Gained mutation: You have an extremely huge brain. (Int +4)
                  | [demonic ancestry]
  1329 | D:3      | Reached XP level 6. HP: 16/43 MP: 8/11
  1590 | D:3      | Noticed Jessica
  1595 | D:3      | Killed Jessica
  1666 | D:3      | Found a hazy altar of Hepliaklqana.
  1823 | D:3      | Found Ewnelygo's Book Boutique.
  1862 | D:3      | Noticed Ijyb
  1868 | D:3      | Killed Ijyb
  1953 | D:4      | Reached skill level 2 in Ice Magic
  1956 | D:3      | HP: 10/43 [poisoned by an adder]
  1960 | D:3      | HP: 4/43 [poisoned by an adder]
  1965 | D:3      | HP: 2/43 [poisoned by an adder]
  2019 | D:3      | Reached skill level 4 in Unarmed Combat
  2019 | D:3      | Reached XP level 7. HP: 45/48 MP: 8/12
  2070 | D:4      | Identified the +2 whip "Xeuweosi" {drain, rN+}
  2302 | D:4      | Identified the +0 ring mail of the Lair of Beasts {Stlth+}
  2377 | D:4      | Found a blossoming altar of Fedhas.
  2378 | D:4      | Found an iron altar of Okawaru.
  2444 | D:4      | Noticed Robin
  2450 | D:4      | Reached skill level 5 in Transmutations
  2458 | D:4      | Killed Robin
  2556 | D:4      | Found Ynwa's Assorted Antiques.
  2563 | D:4      | Bought a scroll labelled MIGACIATW BOLO for 20 gold pieces
  2563 | D:4      | Bought a scroll labelled IQAFOO XUYLO for 20 gold pieces
  2563 | D:4      | Bought a scroll labelled RIOXKESTRAP for 20 gold pieces
  2708 | D:5      | Entered Level 5 of the Dungeon
  3120 | D:5      | Reached skill level 3 in Ice Magic
  3391 | D:6      | Reached skill level 4 in Spellcasting
  3405 | D:6      | Gained mutation: Your touch may inflict irresistible damage
                  | on your foes. [demonic ancestry]
  3405 | D:6      | Reached XP level 8. HP: 54/54 MP: 12/14
  3520 | D:6      | Found a staircase to the Ecumenical Temple.
  3524 | D:6      | Noticed Eustachio
  3537 | D:6      | Killed Eustachio
  3544 | Temple   | Entered the Ecumenical Temple
  3656 | Temple   | Became a worshipper of Ru the Awakened
  3762 | D:6      | Noticed a troll
  3767 | D:6      | Reached skill level 4 in Ice Magic
  3774 | D:6      | Killed a troll
  3775 | D:6      | Reached skill level 6 in Transmutations
  3778 | D:6      | HP: 8/64 [ogre/+0 giant club (30)]
  3780 | D:6      | Mangled by an ogre

Vanquished Creatures
  A troll (D:6)
  Grinder (D:3)
  Sigmund (D:3)
  Eustachio (D:6)
  An ice beast (D:6)
  A necrophage (D:6)
  2 scorpions (D:5)
  4 orc priests
  A jelly (D:4)
  A hound (D:4)
  Jessica (D:3)
  Ijyb (D:3)
  3 iguanas
  2 orc wizards
  Robin (D:4)
  5 adders
  A white imp (D:6)
  A worm (D:2)
  A dart slug (D:2)
  11 orcs
  6 bats
  11 endoplasms
  5 giant cockroaches
  2 hobgoblins
  10 jackals (D:2)
  6 quokkas
  2 ball pythons
  2 frilled lizards
  16 goblins
  10 kobolds
  6 rats
117 creatures vanquished.

Vanquished Creatures (others)
  3 plants
3 creatures vanquished.

Grand Total: 120 creatures vanquished

Table legend:
 A = Non-vault XP
 B = Vault XP
 C = Vault XP percentage of total XP
 D = Non-vault monster count
 E = Vault monster count
 F = Vault count percentage of total count
                 A         B        C        D         E       F
            +---------+---------+-------+---------+---------+-------
      Total |     873 |    1262 |  59.1 |      95 |      22 |  18.8
            +---------+---------+-------+---------+---------+-------
        D:1 |      43 |       4 |   8.5 |      26 |       2 |   7.1
        D:2 |      49 |       0 |   0.0 |      23 |       0 |   0.0
        D:3 |      87 |     573 |  86.8 |      18 |       4 |  18.2
        D:4 |     185 |      34 |  15.5 |      12 |      11 |  47.8
        D:5 |     313 |       0 |   0.0 |       9 |       0 |   0.0
        D:6 |     196 |     651 |  76.9 |       7 |       5 |  41.7
            +---------+---------+-------+---------+---------+-------

Illustrated notes

Table legend:
 A = Kills in this place as a percentage of kills in entire the game.
 B = Kills by you in this place as a percentage of kills by you in the entire game.
 C = Kills by friends in this place as a percentage of kills by friends in the entire game.
 D = Other kills in this place as a percentage of other kills in the entire game.
 E = Experience gained in this place as a percentage of experience gained in the entire game.
 F = Experience gained in this place divided by the number of levels of this place that you have seen.
                   A       B       C       D       E      F
               +-------+-------+-------+-------+-------+----------------------
         Total | 100.0 | 100.0 |   N/A |   N/A | 100.0 | 305.0
       Dungeon | 100.0 | 100.0 |   N/A |   N/A | 100.0 | 355.8
               +-------+-------+-------+-------+-------+----------------------

Table legend: (Time is in decaauts)
 A = Elapsed time spent in this place.
 B = Non-inter-level travel time spent in this place.
 C = Inter-level travel time spent in this place.
 D = Time resting spent in this place.
 E = Time spent auto-exploring this place.
 F = Levels seen in this place.
 G = Mean time per level.
                   A        B        C        D        E       F      G
               +--------+--------+--------+--------+--------+-----+--------+
         Total |   3784 |   3586 |    198 |    108 |   2637 |   7 |  540.6 |
       Dungeon |   3597 |   3504 |     93 |    108 |   2564 |   6 |  599.5 |
        Temple |    187 |     82 |    105 |      0 |     73 |   1 |  187.0 |
               +--------+--------+--------+--------+--------+-----+--------+

Top non-repeatable levels by time:
     D:3: 790 daAuts
     D:1: 756 daAuts
     D:4: 699 daAuts
     D:5: 608 daAuts
     D:2: 472 daAuts
     D:6: 269 daAuts
  Temple: 187 daAuts
